Map: Defender's Landing LE

Players

Sourdough

  • Race: Zerg Zerg
  • League: Master
  • Spawn Location: 7:00

YamatoSC - Winner!

  • Race: Zerg Zerg
  • League: Master
  • Spawn Location: 1:00

VOD

Have the link to the VOD?

Description

Time

  • Played on: May 15, 2017, 8:26 a.m.
  • Length: 5:02
Show
View Real Time Build Order
Export as new Build Order

Sourdough Zerg 

Build Orders: Pool First 

Get SALT Encoding   

  12  0:00  Drone  
  13  0:08  Drone  
  14  0:17  Extractor  
  14  0:18  Drone  
  14  0:33  Spawning Pool  
  14  0:35  Drone  
  14  0:43  Extractor, Drone  
  15  0:51  Overlord  
  15  1:19  Metabolic Boost  
  15  1:20  Queen  
  15  1:21  Zergling x2  
  15  1:22  Zergling x2  
  19  1:26  Zergling x2  
  20  1:33  Zergling x2  
  21  1:41  Baneling Nest  
  21  1:43  Zergling x2  
  21  1:55  Overlord  
  21  2:05  Zergling x2  
  22  2:17  Zergling x2  
  23  2:26  Baneling  
  23  2:27  Baneling  
  23  2:30  Zergling x8  
  26  2:49  Zergling x2  
  22  3:03  Zergling x10  
  27  3:20  Baneling x2  
  27  3:22  Hatchery  
  27  3:24  Baneling x2  
  26  3:31  Drone  
  26  3:33  Drone  
  28  3:48  Drone x2  
  14  4:19  Zergling x6  
  17  4:30  Zergling x2  
  18  4:33  Zergling x2  
Show
View Real Time Build Order
Export as new Build Order

YamatoSC Zerg - Winner!

Build Orders: Hatch First 

Get SALT Encoding   

  12  0:03  Drone  
  13  0:10  Drone  
  14  0:17  Extractor  
  14  0:18  Drone  
  15  0:39  Hatchery  
  15  0:41  Extractor  
  13  0:56  Spawning Pool  
  12  0:59  Drone  
  12  1:04  Drone  
  14  1:14  Overlord  
  14  1:43  Queen  
  14  1:44  Metabolic Boost  
  14  1:45  Zergling x2  
  17  1:48  Zergling x2  
  18  1:59  Overlord  
  18  2:00  Zergling x2  
  19  2:03  Zergling x2  
  20  2:08  Zergling x2  
  20  2:11  Zergling x2  
  20  2:15  Zergling x2  
  23  2:20  Zergling x2  
  24  2:27  Zergling x2  
  25  2:33  Zergling x2  
  24  2:48  Zergling x6  
  22  2:56  Zergling x6  
  24  3:00  Zergling x2  
  24  3:01  Zergling x2  
  26  3:11  Zergling x4  
  26  3:14  Zergling x2  
  26  3:19  Zergling x2  
  28  3:24  Zergling x2  
  29  3:31  Queen  
  29  3:33  Zergling x4  
  32  3:47  Zergling x2  
  32  3:48  Zergling x6  
  34  4:01  Zergling x6  
  32  4:09  Zergling x2  
  26  4:13  Zergling x2  
  25  4:21  Zergling x4  
  27  4:27  Zergling x2  
  27  4:30  Zergling x2  
  29  4:37  Zergling x4  
Tags
 
Add a new tag
Caveats
  • Supply blocks, unpowered buildings, or Contaminate may cause inaccurate times.
  • Supply counts are checked every 10 seconds.